 Dungeon Sprint DCSS version 0.30-a0-377-g5cb311bc9f (webtiles) character file.

Game seed: 2753819565399259266

67116 mhtbhm the Shatterer (level 14, -5/151 HPs)
             Began as a Demigod Fighter on Nov 27, 2022.
             Slain by Mennas
             ... wielding a +4 eudemon blade of holy wrath
              (12 damage)
             ... in the Dungeon (Sprint IX: "|||||||||||||||||||||||||||||").
             The game lasted 00:17:01 (6318 turns).

mhtbhm the Shatterer (Demigod Fighter)              Turns: 6318, Time: 00:17:02

Health: -5/151     AC: 28    Str: 33    XL:     14   Next: 42%
Magic:  17/17      EV: 10    Int: 14    God:
Gold:   10         SH:  8    Dex: 13    Spells: 13/13 levels left

rFire   + . .      SeeInvis .    a - +2 morningstar (vorpal)
rCold   + + .      Faith    .    c - +0 buckler
rNeg    . . .      Spirit   .    b - +0 plate armour "Ishru" {rF+ rC+ Int+4 Stlth+}
rPois   +          Reflect  .    v - +2 hat
rElec   +          Harm     .    C - +1 cloak
rCorr   .          Rampage  +    (no gloves)
Will    +....      NoTele   +    x - +1 pair of boots {rampage}
Stlth   ..........               n - amulet of Ciamp {rElec rC+ Regen+}
HPRegen 1.25/turn                p - +2 ring of protection
MPRegen 0.15/turn                A - ring of poison resistance

@: mighty, hasted, glowing, silenced, very quick
A: high MP 1, forlorn, divine attributes
a: no special abilities


You were in the Dungeon.
You visited 1 branch You collected 1924 gold pieces.
You spent 1914 gold pieces at shops.

Inventory:

Hand Weapons
 a - a +2 vorpal morningstar (weapon)
Armour
 b - the +0 plate armour "Ishru" (worn) {rF+ rC+ Int+4 Stlth+}
   (You found it in the Dungeon)

   Int:       It affects your intelligence (+4).
   rF:        It protects you from fire.
   rC:        It protects you from cold.
   Stlth:     It makes you more stealthy.
 c - a +0 buckler (worn)
 v - a +2 hat (worn)
 x - a +1 pair of boots of rampaging (worn)
 C - a +1 cloak (worn)
Jewellery
 n - the amulet of Ciamp (around neck) {rElec rC+ Regen+}
   (You acquired it in the Dungeon)

   [amulet of regeneration]

   rC:        It protects you from cold.
   rElec:     It insulates you from electricity.
   Regen:     It increases your rate of health regeneration.
 o - a +2 ring of protection
 p - a +2 ring of protection (left hand)
 w - a ring of ice
 z - a ring of fire
 A - a ring of poison resistance (right hand)
 B - a ring of flight
Wands
 E - a wand of flame (8)
 F - a wand of roots (12)
Scrolls
 j - a scroll of blinking
 k - 2 scrolls of amnesia
 r - 5 scrolls of fog
 s - 4 scrolls of enchant weapon
 y - 2 scrolls of identify
Potions
 d - a potion of might
 e - 2 potions of curing
 f - 2 potions of brilliance
 h - 4 potions of magic
 i - a potion of invisibility
 q - a potion of mutation
Miscellaneous
 u - a condenser vane (inert)


   Skills:
 + Level 21.1 Fighting
 + Level 22.3 Maces & Flails
 + Level 19.5 Armour
 + Level 4.7 Dodging
 + Level 5.3 Stealth
 + Level 14.8 Shields
 + Level 5.3 Evocations


You had 13 spell levels left.
You didn't know any spells.
Your spell library was empty.

Dungeon Overview and Level Annotations

Branches:
Dungeon (1/1)

Shops:
D ?*[*

Annotations:
D Mennas


Innate Abilities, Weirdness & Mutations

You have an increased reservoir of magic. (+10% MP)
You shall have no god before yourself.
Your divine heritage dramatically boosts your attributes as you level up.


Message History

Mennas is severely wounded.
Mennas hits you but does no damage. Mennas closely misses you.
Mennas blocks your attack.
Mennas is severely wounded.
Unknown command.
Unknown command.
Unknown command.
Okay, then.
Okay, then.
Okay, then.
Mennas blocks your attack.
Mennas is severely wounded.
Mennas hits you but does no damage. You block Mennas's attack.
You bludgeon Mennas!!
Mennas is almost dead.
Mennas hits you with a +4 eudemon blade of holy wrath!!
* * * LOW HITPOINT WARNING * * *
Mennas hits you but does no damage.
Unknown command.
Unknown command.
Press: ? - help, v - describe, . - travel The floor, spattered with blood.
This square is lit by a halo.
Mennas blocks your attack.
Mennas is almost dead.
Mennas is no longer covered in acid.
Mennas gestures frantically.
Mennas's surroundings become eerily quiet.
Mennas blocks your attack.
Mennas is almost dead.
Mennas blocks your attack.
Mennas is almost dead.
Mennas hits you with a +4 eudemon blade of holy wrath.
* * * LOW HITPOINT WARNING * * *
Mennas hits you with a +4 eudemon blade of holy wrath!
* * * LOW HITPOINT WARNING * * *
Mennas blocks your attack.
Mennas is almost dead.
Mennas hits you with a +4 eudemon blade of holy wrath!
You die...

)▓)▓.▓.▓.♣.♣.▓.▓.▓
)▓∩▓.▓.▓.♣.♣.▓.▓.▓
)▓)▓)▓.▓.♣.♣)▓.▓.▓
.▓∩▓.▓.▓.♣.♣.▓.▓.▓
.▓.▓.▓.▓.♣.♣)▓.▓.▓
.▓∩▓.▓.▓.♣.♣.▓.▓.▓
.▓.▓.▓.▓.♣.♣.▓)▓.▓
[▓∩▓.▓.▓.♣.♣.▓.▓.▓
.▓.▓.▓.▓.♣)♣.▓.▓@▓
.▓.▓.▓)▓.▓.▓.▓)▓A▓
.▓.▓.▓(▓.▓.▓.▓.▓.▓
.▓)▓.▓)▓.▓.▓.▓)▓§▓
.▓)▓.▓.▓.▓.▓.▓)▓.▓
.▓)▓.▓.▓.▓.▓.▓.▓.▓
.▓.▓.▓.▓.▓.▓.▓)▓.▓
)▓.▓.▓.▓.▓)▓.▓)▓.▓
.▓.▓.▓.▓.▓)▓.▓)▓.▓


You could see Mennas (silencing).

Vanquished Creatures
  An Orb Guardian (D)
  A sphinx (D)
  Gastronok (D)
  2 frost giants (D)
  5 fire giants (D)
  2 vault wardens (D)
  3 ironbound preservers (D)
  5 very ugly things (D)
  2 ironbound thunderhulks (D)
  A stone giant (D)
  2 eleionomae (D)
  3 dire elephants (D)
  2 merfolk impalers (D)
  4 ettins (D)
  Josephine (D)
  An entropy weaver (shapeshifter) (D)
  2 hydras (D)
  Erolcha (D)
  A spriggan air mage (D)
  5 ogre magi (D)
  A rakshasa (D)
  A peacekeeper (D)
  An ironbound frostheart (D)
  A catoblepas (D)
  A ghost crab (D)
  A satyr (D)
  A centaur warrior (D)
  Erica (D)
  A deep troll shaman (D)
  A boulder beetle (D)
  3 two-headed ogres (D)
  A deep troll earth mage (D)
  A vampire mage (D)
  A spriggan berserker (D)
  A shock serpent (D)
  Nergalle (D)
  3 sea snakes (D)
  An orb spider (D)
  A glowing orange brain (D)
  A bog body (D)
  4 ironbound convokers (D)
  A deep elf pyromancer (D)
  A wolf spider (D)
  3 manticores (D)
  A will-o-the-wisp (D)
  An orc knight (D)
  3 ugly things (D)
  A salamander (D)
  A cyclops (D)
  A merfolk siren (D)
  6 elephants (D)
  A guardian serpent (D)
  2 naga magi (D)
  5 black mambas (D)
  2 vault sentinels (D)
  5 cane toads (D)
  2 komodo dragons (D)
  A demonic crawler (D)
  A komodo dragon (shapeshifter) (D)
  2 trolls (D)
  2 hornets (D)
  2 tarantellas (D)
  A blink frog (D)
  A jumping spider (D)
  A water elemental (D)
  2 wyverns (D)
  5 wraiths (D)
  A yak (D)
  A culicivora (D)
  2 spriggans (D)
  Eustachio (D)
  2 basilisks (D)
  2 redbacks (D)
  A vampire mosquito (D)
  A floating eye (D)
  A water moccasin (D)
  9 orc warriors (D)
  7 ogres (D)
  A wolf (D)
  A boggart (D)
  4 bullfrogs (D)
  A wight (D)
  2 hounds (D)
  A jelly (D)
  3 orc priests (D)
  6 orc wizards (D)
  An adder (D)
  8 orcs (D)
  A bat (D)
  A ball python (D)
  A goblin (D)
  2 rats (D)
188 creatures vanquished.

Vanquished Creatures (others)
  A swamp dragon (D)
1 creature vanquished.

Grand Total: 189 creatures vanquished

Notes
Turn   | Place    | Note
-------+----------+-------------------------------------------
     0 | D        | mhtbhm the Demigod Fighter began the quest for the Orb.
     0 | D        | Reached XP level 1. HP: 18/18 MP: 3/3
    19 | D        | Reached skill level 2 in Maces & Flails
    27 | D        | Noticed a hound
    27 | D        | Noticed an orc wizard
    27 | D        | Noticed a hound
    27 | D        | Noticed a jelly
    30 | D        | Killed a jelly
    31 | D        | Reached XP level 2. HP: 27/27 MP: 4/4
    31 | D        | Reached XP level 3. HP: 33/33 MP: 5/5
    33 | D        | Reached skill level 3 in Maces & Flails
    36 | D        | Reached skill level 5 in Fighting
    36 | D        | Reached skill level 4 in Maces & Flails
    36 | D        | Reached XP level 4. HP: 42/42 MP: 6/6
    40 | D        | Reached skill level 5 in Armour
   136 | D        | Noticed a troll
   136 | D        | Noticed a wyvern
   136 | D        | Noticed a wraith
   136 | D        | Noticed a vampire mosquito
   141 | D        | Reached skill level 5 in Maces & Flails
   141 | D        | Reached skill level 5 in Shields
   141 | D        | Reached XP level 5. HP: 21/50 MP: 7/7
   141 | D        | Killed a wyvern
   142 | D        | Reached skill level 6 in Maces & Flails
   142 | D        | Reached skill level 1 in Evocations
   142 | D        | Reached XP level 6. HP: 24/58 MP: 8/8
   142 | D        | Killed a wraith
   143 | D        | Reached skill level 7 in Maces & Flails
   144 | D        | Killed a vampire mosquito
   145 | D        | Reached XP level 7. HP: 29/66 MP: 9/9
   147 | D        | Killed a troll
   148 | D        | Reached skill level 8 in Maces & Flails
   303 | D        | Noticed a troll
   303 | D        | Noticed a white ugly thing
   303 | D        | Noticed a manticore
   303 | D        | Noticed a komodo dragon
   303 | D        | Noticed a deep elf pyromancer
   303 | D        | Noticed a two-headed ogre
   304 | D        | Noticed a fire elemental
   307 | D        | Killed a two-headed ogre
   308 | D        | Reached skill level 9 in Maces & Flails
   308 | D        | Reached skill level 10 in Armour
   308 | D        | Reached skill level 1 in Dodging
   308 | D        | Reached XP level 8. HP: 73/75 MP: 10/10
   314 | D        | Killed a deep elf pyromancer
   315 | D        | Reached skill level 10 in Maces & Flails
   319 | D        | Killed a komodo dragon
   326 | D        | Killed a manticore
   327 | D        | Reached skill level 11 in Maces & Flails
   327 | D        | Reached XP level 9. HP: 38/84 MP: 11/11
   329 | D        | HP: 4/84 [white ugly thing (19)]
   332 | D        | Killed a white ugly thing
   625 | D        | Got the +0 plate armour "Ishru" {rF+ rC+ Int+4 Stlth+}
   642 | D        | Noticed a cane toad
   642 | D        | Noticed a cane toad
   643 | D        | Noticed a cane toad
   646 | D        | Reached skill level 12 in Maces & Flails
   650 | D        | Killed a cane toad
   651 | D        | Reached skill level 10 in Fighting
   652 | D        | Killed a cane toad
   653 | D        | Noticed a cane toad
   664 | D        | Killed a cane toad
   666 | D        | Killed a cane toad
   667 | D        | Reached skill level 13 in Maces & Flails
   670 | D        | Reached skill level 1 in Stealth
   676 | D        | Reached XP level 10. HP: 72/94 MP: 13/13
   743 | D        | Noticed a catoblepas
   746 | D        | Noticed a black mamba
   749 | D        | Killed a catoblepas
   788 | D        | Killed a black mamba
   789 | D        | Reached skill level 14 in Maces & Flails
  1115 | D        | Noticed a dire elephant
  1115 | D        | Noticed an elephant
  1115 | D        | Noticed an elephant
  1115 | D        | Noticed an elephant
  1115 | D        | Noticed an elephant
  1115 | D        | Noticed an elephant
  1120 | D        | Killed an elephant
  1132 | D        | Killed an elephant
  1137 | D        | Noticed a dire elephant
  1353 | D        | Killed a dire elephant
  1354 | D        | Reached skill level 15 in Maces & Flails
  1549 | D        | Killed an elephant
  1559 | D        | Killed an elephant
  1864 | D        | Killed a dire elephant
  1865 | D        | Reached XP level 11. HP: 85/105 MP: 14/14
  1977 | D        | Noticed Gastronok
  1990 | D        | Killed Gastronok
  1991 | D        | Reached skill level 16 in Maces & Flails
  2105 | D        | Noticed Erolcha
  2118 | D        | Killed Erolcha
  2596 | D        | Noticed an orc knight
  2695 | D        | Killed an orc knight
  2985 | D        | Found Osadac's Assorted Antiques.
  2985 | D        | Noticed an ogre mage
  2985 | D        | Noticed a two-headed ogre
  2989 | D        | Noticed an ogre mage
  2994 | D        | Killed an ogre mage
  2995 | D        | Reached skill level 17 in Maces & Flails
  2999 | D        | Killed a two-headed ogre
  3003 | D        | Noticed a two-headed ogre
  3005 | D        | Killed an ogre mage
  3006 | D        | Reached skill level 10 in Shields
  3010 | D        | Found Conuk's Armour Shop.
  3012 | D        | Killed a two-headed ogre
  3087 | D        | Found Waohoaz's Assorted Antiques.
  3091 | D        | Found Xane Hon's Magic Scroll Shop.
  3093 | D        | Noticed an ogre mage
  3095 | D        | Noticed an ogre mage
  3100 | D        | Killed an ogre mage
  3107 | D        | Killed an ogre mage
  3112 | D        | Bought a scroll of fog for 48 gold pieces
  3112 | D        | Bought a scroll of enchant weapon for 90 gold pieces
  3112 | D        | Bought a scroll of enchant weapon for 90 gold pieces
  3112 | D        | Bought 2 scrolls of blinking for 180 gold pieces
  3115 | D        | Bought a condenser vane for 800 gold pieces
  3115 | D        | Bought a potion of curing for 60 gold pieces
  3115 | D        | Bought a scroll labelled UBLOAQ RUFU for 20 gold pieces
  3117 | D        | Bought a +1 pair of boots of rampaging for 198 gold pieces
  3158 | D        | Acquired the amulet of Ciamp {rElec rC+ Regen+}
  3171 | D        | Bought a scroll of fog for 76 gold pieces
  3171 | D        | Bought a scroll labelled IMOEKH RYEGUS for 19 gold pieces
  3171 | D        | Bought 2 scrolls labelled HURODA WUNTA for 38 gold pieces
  3171 | D        | Bought a scroll of identify for 38 gold pieces
  3171 | D        | Bought a potion of invisibility for 152 gold pieces
  3171 | D        | Bought a potion of curing for 57 gold pieces
  3177 | D        | Bought a scroll of identify for 24 gold pieces
  3177 | D        | Bought a scroll of identify for 24 gold pieces
  3208 | D        | Noticed Josephine
  3218 | D        | Killed Josephine
  3219 | D        | Reached XP level 12. HP: 118/118 MP: 15/15
  3221 | D        | Reached skill level 15 in Fighting
  3351 | D        | Noticed a centaur warrior
  3351 | D        | Noticed an ogre mage
  3355 | D        | Noticed a six-headed hydra
  3356 | D        | Reached skill level 18 in Maces & Flails
  3357 | D        | Killed an ogre mage
  3358 | D        | Noticed a frost giant
  3370 | D        | Noticed a fire giant
  3371 | D        | Killed a centaur warrior
  3374 | D        | Noticed a stone giant
  3379 | D        | Killed a six-headed hydra
  3450 | D        | Killed a frost giant
  3451 | D        | Reached skill level 15 in Armour
  3455 | D        | Killed a fire giant
  3572 | D        | Noticed an entropy weaver
  3578 | D        | Killed an entropy weaver
  3613 | D        | Killed a stone giant
  3692 | D        | Noticed a rakshasa
  3693 | D        | Noticed an ettin
  3698 | D        | Killed a rakshasa
  3702 | D        | Killed an ettin
  3703 | D        | Reached skill level 19 in Maces & Flails
  3816 | D        | Noticed Eustachio
  3828 | D        | Killed Eustachio
  4063 | D        | Noticed a merfolk impaler
  4063 | D        | Noticed a merfolk impaler
  4073 | D        | Reached XP level 13. HP: 104/132 MP: 16/16
  4137 | D        | Noticed an eleionoma
  4145 | D        | Noticed an eleionoma
  4147 | D        | Killed an eleionoma
  4153 | D        | Reached skill level 20 in Maces & Flails
  4225 | D        | Killed an eleionoma
  4611 | D        | Noticed Erica
  4617 | D        | Killed Erica
  4619 | D        | Noticed Nergalle
  4638 | D        | Killed Nergalle
  4639 | D        | Reached skill level 5 in Evocations
  4690 | D        | Noticed a purple very ugly thing
  4690 | D        | Noticed a frost giant
  4698 | D        | Killed a frost giant
  4701 | D        | Noticed a fire giant
  4778 | D        | Killed a green very ugly thing
  4947 | D        | Killed a fire giant
  4963 | D        | Noticed a fire giant
  4980 | D        | Paralysed by a floating eye for 2 turns
  5121 | D        | Killed a fire giant
  5429 | D        | Noticed a fire giant
  5430 | D        | Noticed a cyan very ugly thing
  5430 | D        | Noticed a fire giant
  5431 | D        | Noticed a cyan very ugly thing
  5437 | D        | Killed a fire giant
  5438 | D        | Reached skill level 21 in Maces & Flails
  5446 | D        | Killed a cyan very ugly thing
  5452 | D        | Killed a fire giant
  5641 | D        | Killed a cyan very ugly thing
  5653 | D        | Noticed a dire elephant
  5653 | D        | Noticed an ironbound preserver
  5660 | D        | Killed an ironbound preserver
  5663 | D        | Reached XP level 14. HP: 147/147 MP: 17/17
  5670 | D        | Noticed an ironbound preserver
  5672 | D        | Noticed an Orb Guardian
  5684 | D        | Noticed a vault warden
  5691 | D        | Killed an Orb Guardian
  5704 | D        | Killed an ironbound preserver
  5715 | D        | Killed a vault warden
  5897 | D        | Reached skill level 22 in Maces & Flails
  5951 | D        | Noticed a vault warden
  5952 | D        | Noticed a sphinx
  5952 | D        | Noticed an ironbound preserver
  5985 | D        | Killed a vault warden
  5988 | D        | Killed a sphinx
  6101 | D        | Killed an ironbound preserver
  6102 | D        | Reached skill level 5 in Stealth
  6286 | D        | Noticed Mennas
  6317 | D        | HP: 7/151 [Mennas/+4 eudemon blade of holy wrath (14)]
  6318 | D        | Slain by Mennas

Illustrated notes

Levels and vault maps discovered:
D:        linesprint [early_d, line_temple, items_1, d_10, items_2, lair_1,
          lair_end, items_3, orc_1, orc_end, items_4, d_15, swamp_1, shoals_1,
          snake_1, spider_1, d_20, vaults_1, items_5, swamp_end, shoals_end,
          snake_end, spider_end, vaults_end, d_27, items_6, zot_1, zot_end,
          crypt_end, forest_end, elf_end, slime_end, tomb_end, abyss_end,
          pan_hell_end]

Skill      XL: |  1  2  3  4  5  6  7  8  9 10 11 12 13 14 |
---------------+-------------------------------------------+-----
Fighting       | 4 5 6 7 8 9 10 12 14 17 19 21 | 21.1
Armour         | 4 5 7 8 10 11 12 13 14 16 18 19 | 19.5
Shields        | 3 4 5 6 7 8 9 10 12 14 | 14.8
Maces & Flails | 2 4 5 6 7 9 11 13 15 17 19 21 22 | 22.3
Evocations     | 1 2 3 4 5 |  5.3
Dodging        | 1 2 3 4 |  4.7
Stealth        | 1 2 3 5 |  5.3

Action                   |  1- 3 |  4- 6 |  7- 9 | 10-12 | 13-15 || total
-------------------------+-------+-------+-------+-------+-------++-------
Melee: Flail             |    22 |     3 |       |       |       ||    25
       Morningstar       |       |     4 |    59 |   431 |   395 ||   889
Evoke: Wand              |       |     4 |     3 |     2 |     3 ||    12
       Condenser vane    |       |       |       |       |     3 ||     3
  Use: Potion            |     1 |       |     3 |     4 |    12 ||    20
       Scroll            |       |       |       |     5 |     7 ||    12
 Stab: Invisible         |       |       |       |       |     4 ||     4
Armor: Scale mail        |     9 |     5 |    12 |       |       ||    26
       Plate armour      |       |       |    12 |   177 |   147 ||   336
Dodge: Dodged            |     9 |     4 |    25 |   104 |    90 ||   232
Block: Buckler           |     2 |     2 |    15 |    95 |    79 ||   193

Table legend: (Time is in decaauts)
 A = Elapsed time spent in this place.
 B = Non-inter-level travel time spent in this place.
 C = Inter-level travel time spent in this place.
 D = Time resting spent in this place.
 E = Time spent auto-exploring this place.
 F = Levels seen in this place.
 G = Mean time per level.
                   A        B        C        D        E       F      G
               +--------+--------+--------+--------+--------+-----+--------+
         Total |   6078 |   6078 |      0 |   2448 |   1494 |   1 | 6078.0 |
       Dungeon |   6078 |   6078 |      0 |   2448 |   1494 |   1 | 6078.0 |
               +--------+--------+--------+--------+--------+-----+--------+

Top non-repeatable levels by time:
       D: 6078 daAuts
